 Dungeon Crawl Stone Soup version 0.29.1-15-g9cfb28693d (webtiles) character file.

Game seed: 3745309346026725056

51 Mickster the Chopper (level 3, -10/29 HPs)
             Began as a Demonspawn Berserker on Apr 8, 2023.
             Was a Believer of Trog.
             Killed by divine providence
             ... invoked by an orc priest
              (17 damage)
             ... on level 3 of the Dungeon on Apr 10, 2023.
             The game lasted 00:18:50 (1916 turns).

Mickster the Chopper (Demonspawn Berserker)         Turns: 1916, Time: 00:18:53

Health: -10/29     AC:  9    Str: 22    XL:     3   Next: 57%
Magic:  3/3        EV: 11    Int: 13    God:    Trog [**....]
Gold:   54         SH:  0    Dex: 12    Spells: 2/2 levels left

rFire   . . .      SeeInvis .   e - +7 triple sword "Voosilaj" {protect, Will+ Str+3 Int+5}
rCold   . . .      Faith    .   (shield currently unavailable)
rNeg    . . .      Spirit   .   i - +0 ring mail
rPois   .          Reflect  .   k - +0 helmet
rElec   .          Harm     .   (no cloak)
rCorr   .          Rampage  .   d - +0 pair of gloves
Will    +....                   (no boots)
Stlth   +.........              (no amulet)
HPRegen 0.09/turn               (no ring)
MPRegen 0.08/turn               (no ring)

@: on berserk cooldown, slowed, very slow
A: hooves 1, slimy green scales 1
a: Renounce Religion, Berserk, Trog's Hand


You were on level 3 of the Dungeon.
You worshipped Trog.
Trog was pleased with you.
You visited 1 branch of the dungeon, and saw 3 of its levels.

You collected 54 gold pieces.

Inventory:

Hand Weapons
 a - a +0 hand axe
 e - the +7 triple sword "Voosilaj" (weapon) {protect, Will+ Str+3 Int+5}
   (You acquired it on level 2 of the Dungeon)

   It grants its wielder temporary protection when it strikes (+7 to AC).
   Str:       It affects your strength (+3).
   Int:       It affects your intelligence (+5).
   Will:      It increases your willpower.
Missiles
 o - 7 stones (quivered)
 p - 3 curare-tipped darts
Armour
 d - a +0 pair of gloves (worn)
 i - a +0 ring mail (worn)
 k - a +0 helmet (worn)
Scrolls
 h - 4 scrolls of identify
 j - a scroll of enchant weapon
 n - 3 scrolls of teleportation
Potions
 b - 2 potions of curing {unknown}


   Skills:
 + Level 3.3 Fighting
 * Level 0.2 Long Blades
 - Level 3.4 Axes
 + Level 2.1 Armour
 + Level 2.1 Dodging
 + Level 0.3 Stealth


You had 2 spell levels left.
You didn't know any spells.
Your spell library was empty.

Dungeon Overview and Level Annotations

Branches:
Dungeon (3/15)

Altars:


Innate Abilities, Weirdness & Mutations

You have large cloven feet.
You are partially covered in slimy green scales. (AC +2)


Message History

An orc comes into view. It is wielding a +0 mace.
You see here a +0 scale mail.
A red film seems to cover your vision as you go berserk!
You feel yourself moving faster!
You feel mighty!
An orc comes into view. It is wielding a +0 flail.
The orc hits you but does no damage.
You feel a strong urge to attack something.
The orc completely misses you.
You barely miss the orc. You kick the orc.
The orc is moderately wounded.
The orc misses you.
You closely miss the orc. You kick the orc.
You kill the orc!
Trog accepts your kill.
The orc shouts!
You hear a shout!
Things that are here:
a +0 short sword; a +0 leather armour; an orc corpse You feel a strong urge to attack something.
You are no longer berserk.
You are exhausted.
You feel yourself slow down.
You slice the orc!!
Your weapon exudes an aura of protection.
You kill the orc!
Trog accepts your kill.
An orc priest comes into view. It is wielding a +0 hand axe.
The orc priest shouts!
You see here a +0 flail.
The orc shouts!
The orc priest mumbles some strange prayers to Beogh against you.
Beogh smites you!
You see here a +0 flail.
The orc closely misses you.
The orc priest hits you with a +0 hand axe.
The orc hits you with a +0 war axe.
* * * LOW HITPOINT WARNING * * *
The orc priest mumbles some strange prayers to Beogh against you.
Beogh smites you!
Ouch! That really hurt!
You die...

## #.# ##.##....##....... ...
#.# #.....# #....... ..### #.#
##..### #....... .....##.####
#....####....... ##....†...##
#.##............
##..........###.#######.......
#...............# #.......
#.....[.......#.# #.......
#.......)...)@#.# ########
##.........##oo.#
##...#...!####..#
#######......(.# #.###......
#.# ..>#.. . ... #o..## ##
##.# ... .. ... .#


You could see an orc priest and an orc.

Vanquished Creatures
  An adder (D:2)
  A worm (D:3)
  2 dart slugs
  2 orcs (D:3)
  2 endoplasms
  3 giant cockroaches
  2 goblins
  3 hobgoblins
  3 kobolds
  3 quokkas
  A ball python (D:1)
  3 bats
  A frilled lizard (D:1)
  6 rats
  3 toadstools (D:1)
36 creatures vanquished.

Vanquished Creatures (others)
  A toadstool (D:1)
1 creature vanquished.

Grand Total: 37 creatures vanquished

Notes
Turn   | Place    | Note
-------+----------+-------------------------------------------
     0 | D:1      | Mickster the Demonspawn Berserker began the quest for the
                  | Orb.
     0 | D:1      | Reached XP level 1. HP: 18/18 MP: 1/1
   175 | D:1      | Gained mutation: You are partially covered in slimy green
                  | scales. (AC +2) [demonic ancestry]
   175 | D:1      | Reached XP level 2. HP: 16/24 MP: 2/2
   968 | D:2      | Reached ** piety under Trog
  1230 | D:2      | Gained mutation: You have large cloven feet. [demonic
                  | ancestry]
  1230 | D:2      | Reached XP level 3. HP: 29/29 MP: 3/3
  1494 | D:2      | Identified a scroll of acquirement
  1494 | D:2      | Acquired the +7 triple sword "Voosilaj" {protect, Will+
                  | Str+3 Int+5}
  1916 | D:3      | Killed from afar by an orc priest

Illustrated notes

Levels and vault maps discovered:
D:1:      ldierk_water_garden, layout_loops_ring
D:2:      layout_basic
D:3:      layout_rooms, uniq_crazy_yiuf_cottage

Skill      XL: |  1  2  3 |
---------------+----------+-----
Axes           | 3 |  3.4
Dodging        | 2 |  2.1
Armour         | 2 |  2.1
Fighting       | |  3.3
Long Blades    | |  0.2
Stealth        | |  0.3

Action                   || total
-------------------------++-------
Melee: Hand axe          ||   101
       Triple sword      ||    13
       Kick              ||     3
Invok: Berserk           ||     1
  Use: Scroll            ||     7
       Potion            ||     3
Armor: Animal skin       ||    19
       Ring mail         ||    37
Dodge: Dodged            ||    79
